 Dungeon Crawl Stone Soup version 0.26.1-11-gd32895ea62 (webtiles) character file.

Game seed: 5206698372359405649

2965 jlumianski the Magician (level 9, -7/71 HPs)
             Began as a Gnoll Warper on June 24, 2021.
             Was a Believer of Okawaru.
             Mangled by Maggie
             ... wielding a +0 morningstar of holy wrath
              (14 damage)
             ... on level 8 of the Dungeon.
             The game lasted 00:31:48 (8489 turns).

jlumianski the Magician (Gnoll Warper)              Turns: 8489, Time: 00:31:49

Health: -7/71      AC:  9    Str: 19    XL:     9   Next: 82%
Magic:  16/19      EV: 15    Int: 25    God:    Okawaru [**....]
Gold:   433        SH:  5    Dex: 15    Spells: 11/21 levels left

rFire    . . .     SeeInvis .   Z - +4 war axe (freeze)
rCold    . . .     Faith    .   (no shield)
rNeg     . . .     Spirit   .   y - +0 ring mail
rPois    .         Reflect  +   E - +1 helmet
rElec    .         Harm     .   (no cloak)
rCorr    .         Rampage  .   F - +0 pair of gloves
Will     .....                  (no boots)
Stlth    ++........             w - amulet of reflection
HPRegen  0.21/turn              q - +6 ring of intelligence
MPRegen  0.16/turn              p - +6 ring of strength

@: mesmerised
A: distributed training, fangs 1, strong nose
a: Renounce Religion, Heroism


You were on level 8 of the Dungeon.
You worshipped Okawaru.
Okawaru was pleased with you.
You visited 1 branch of the dungeon, and saw 8 of its levels.
You also visited: Ossuary.

You collected 433 gold pieces.

Inventory:

Hand Weapons
 c - a +1 short sword of venom
 l - a +1 dagger of speed
 v - a +0 dagger of draining
 z - a +0 club
 L - a +1 whip of freezing
 T - a +1 short sword of speed
 X - the +5 scythe "Finisher" {speed, eviscerate}
   (You found it on level 7 of the Dungeon)

   Attacks with this weapon are significantly faster.
 Y - a +3 dire flail
 Z - a +4 war axe of freezing (weapon)
Missiles
 e - 5 boomerangs of dispersal
 i - 49 bolts
 j - 7 boomerangs
 o - 173 stones
 x - 21 sling bullets
 C - 5 poisoned darts (quivered)
 S - 2 javelins
Armour
 y - a +0 ring mail (worn)
 E - a +1 helmet (worn)
 F - a +0 pair of gloves (worn)
Jewellery
 a - an uncursed ring of resist corrosion
 p - a +6 ring of strength (right hand)
 q - a +6 ring of intelligence (left hand)
 w - an amulet of reflection (around neck)
 P - an uncursed ring of stealth
Wands
 r - a wand of acid (8)
 H - a wand of flame (16)
 W - a wand of random effects (29)
Scrolls
 d - 2 scrolls of blinking
 G - 2 scrolls of immolation
 I - 2 scrolls of identify
 K - a scroll of fog
 N - a scroll of remove curse
Potions
 g - a potion of attraction
 k - a potion of magic {unknown}
 n - a potion of mutation {unknown}
 s - a potion of brilliance {unknown}
 t - 6 potions of curing
 A - a potion of haste {unknown}
 D - 2 potions of resistance
 J - a potion of might
 O - a potion of flight {unknown}


   Skills:
 + Level 6.6 Fighting
 + Level 4.6 Short Blades
 + Level 4.6 Long Blades
 + Level 6.6 Axes
 + Level 4.6 Maces & Flails
 + Level 4.6 Polearms
 + Level 4.6 Staves
 + Level 4.6 Slings
 + Level 4.6 Bows
 + Level 4.6 Crossbows
 + Level 5.3 Throwing
 + Level 5.3 Armour
 + Level 6.6 Dodging
 + Level 4.6 Stealth
 + Level 4.6 Shields
 + Level 4.6 Unarmed Combat
 + Level 6.9 Spellcasting
 + Level 3.8 Conjurations
 + Level 3.8 Hexes
 + Level 3.8 Summonings
 + Level 3.8 Necromancy
 + Level 6.7 Translocations
 + Level 3.8 Transmutations
 + Level 3.8 Fire Magic
 + Level 3.8 Ice Magic
 + Level 3.8 Air Magic
 + Level 3.8 Earth Magic
 + Level 3.8 Poison Magic
 + Level 5.1 Invocations
 + Level 4.6 Evocations


You had 11 spell levels left.
You knew the following spells:

 Your Spells              Type           Power        Failure   Level
a - Blink                 Tloc           N/A          1%          2
b - Gell's Gravitas       Tloc           21%          1%          3
c - Call Imp              Summ           27%          3%          2
d - Mephitic Cloud        Conj/Pois/Air  27%          7%          3

Your spell library contained the following spells:

 Spells                   Type           Power        Failure   Level
 Lesser Beckoning         Tloc           21%          1%          3
 Teleport Other           Tloc           42%          1%          3
 Magic Dart               Conj           100%         2%          1
 Summon Small Mammal      Summ           100%         2%          1
 Slow                     Hex            27%          3%          2
 Call Canine Familiar     Summ           27%          7%          3
 Conjure Flame            Conj/Fire      27%          7%          3
 Summon Guardian Golem    Hex/Summ       27%          7%          3
 Passage of Golubria      Tloc           N/A          7%          4
 Summon Ice Beast         Ice/Summ       27%          22%         4
 Summon Lightning Spire   Summ/Air       27%          22%         4


Dungeon Overview and Level Annotations

Branches:
Dungeon (8/15)             Temple (0/1) D:6         Ossuary (visited)
   Lair: D:8-11

Altars:
Dithmenos
Okawaru
Qazlal
Ru
Sif Muna
Trog
Xom

Annotations:
D:8 Maggie


Innate Abilities, Weirdness & Mutations

Your experience applies equally to all skills.
You have very sharp teeth.
Your uncanny sense of smell can sniff out nearby items.


Message History

You barely miss Maggie.
Maggie is almost dead.
Maggie gestures at you while chanting. The bolt of fire misses you.
You barely miss Maggie.
Maggie is almost dead.
Your crimson imp hits Maggie but does no damage.
Maggie casts a spell.
Maggie draws you further into her thrall.
You feel much better.
Your crimson imp hits Maggie but does no damage.
Maggie gestures at you while chanting. The bolt of fire hits you!!
* * * LOW HITPOINT WARNING * * *
You hit Maggie. You freeze Maggie. Your punch misses Maggie.
You bite Maggie, but do no damage.
Maggie is almost dead.
Your crimson imp hits Maggie but does no damage.
Maggie hits you with a +0 morningstar of holy wrath!
You die...

#.# #.# #.# #.#
##### #.# # ∆
......#.#.####.
......#@#(.....
.......@5....#
#######.#....#.#
..$.......#.....
......#.####.#.#
......#......#<#
.....
#$.#####.#######
.....
#..#####........
....
#...............
....
##..............


You could see Maggie (mesmerising) and a friendly crimson imp (summoned).

Vanquished Creatures
  A two-headed ogre (D:8)
  Pikel (D:6)
  Prince Ribbit (D:6)
  An ice beast (D:6)
  A black bear (D:7)
  A sky beast (D:7)
  An orc warrior (D:7)
  A phantom (D:3)
  Blork the orc (D:6)
  An elf zombie (Ossuary)
  A bullfrog (D:7)
  2 scorpions
  5 wights (D:7)
  2 howler monkeys
  A bullfrog zombie (D:7)
  2 centaur zombies (Ossuary)
  A gnoll shaman (D:7)
  An orc priest (D:7)
  A jelly (D:8)
  An iguana (D:5)
  2 bullfrog skeletons
  4 orc wizards
  4 worker ants
  A big kobold zombie (Ossuary)
  2 hound zombies (Ossuary)
  3 mummies (Ossuary)
  6 gnolls
  A howler monkey zombie (D:7)
  5 adders
  2 shadow imps
  A white imp (D:7)
  2 ufetubi
  An ooze (D:1)
  3 adder zombies (Ossuary)
  4 worms
  A dart slug (D:1)
  4 leopard geckos
  12 orcs
  8 bats
  3 giant cockroaches
  2 gnoll zombies (Ossuary)
  6 goblins
  5 hobgoblins
  9 jackals
  13 kobolds
  5 quokkas
  A ball python (D:4)
  3 frilled lizards
  A giant cockroach zombie (D:5)
  5 goblin zombies (Ossuary)
  4 hobgoblin zombies (Ossuary)
  2 jackal zombies (Ossuary)
  3 kobold zombies (Ossuary)
  A leopard gecko skeleton (D:5)
  A leopard gecko zombie (D:6)
  6 quokka zombies (Ossuary)
  6 rats
  5 rat zombies (Ossuary)
174 creatures vanquished.

Vanquished Creatures (collateral kills)
  A jackal zombie (D:7)
1 creature vanquished.

Grand Total: 175 creatures vanquished

Notes
Turn   | Place    | Note
-------+----------+-------------------------------------------
     0 | D:1      | jlumianski the Gnoll Warper began the quest for the Orb.
     0 | D:1      | Reached XP level 1. HP: 20/20 MP: 6/6
   305 | D:1      | Reached XP level 2. HP: 20/26 MP: 7/7
   308 | D:1      | Learned a level 2 spell: Blink
   897 | D:1      | Reached skill level 5 in Spellcasting
   897 | D:1      | Reached XP level 3. HP: 10/31 MP: 7/9
   901 | D:1      | Learned a level 3 spell: Gell's Gravitas
  1308 | D:1      | Reached skill level 1 in Invocations
  1699 | D:2      | Reached skill level 1 in Short Blades
  1699 | D:2      | Reached skill level 1 in Long Blades
  1699 | D:2      | Reached skill level 1 in Maces & Flails
  1699 | D:2      | Reached skill level 1 in Polearms
  1699 | D:2      | Reached skill level 1 in Staves
  1699 | D:2      | Reached skill level 1 in Slings
  1699 | D:2      | Reached skill level 1 in Bows
  1699 | D:2      | Reached skill level 1 in Crossbows
  1699 | D:2      | Reached skill level 1 in Stealth
  1699 | D:2      | Reached skill level 1 in Shields
  1699 | D:2      | Reached skill level 1 in Unarmed Combat
  1699 | D:2      | Reached skill level 1 in Evocations
  1867 | D:2      | Reached XP level 4. HP: 38/38 MP: 11/11
  2009 | D:2      | You fall into a shaft and drop 1 floor!
  2428 | D:3      | Reached skill level 1 in Conjurations
  2428 | D:3      | Reached skill level 1 in Hexes
  2428 | D:3      | Reached skill level 1 in Summonings
  2428 | D:3      | Reached skill level 1 in Necromancy
  2428 | D:3      | Reached skill level 1 in Transmutations
  2428 | D:3      | Reached skill level 1 in Fire Magic
  2428 | D:3      | Reached skill level 1 in Ice Magic
  2428 | D:3      | Reached skill level 1 in Air Magic
  2428 | D:3      | Reached skill level 1 in Earth Magic
  2428 | D:3      | Reached skill level 1 in Poison Magic
  2592 | D:3      | Reached XP level 5. HP: 42/43 MP: 12/12
  2661 | D:3      | Noticed a phantom
  2720 | D:3      | Killed a phantom
  2871 | D:3      | Reached XP level 6. HP: 36/50 MP: 8/13
  2893 | D:3      | Found a shimmering blue altar of Sif Muna.
  4252 | D:4      | Found a sacrificial altar of Ru.
  4321 | D:5      | Entered Level 5 of the Dungeon
  4353 | D:4      | Learned a level 2 spell: Call Imp
  4392 | D:5      | Reached skill level 5 in Fighting
  4392 | D:5      | Reached skill level 5 in Axes
  4392 | D:5      | Reached skill level 5 in Dodging
  4792 | D:5      | Found a bloodstained altar of Trog.
  4862 | D:5      | Reached XP level 7. HP: 46/56 MP: 15/15
  5170 | D:5      | Found a stormy altar of Qazlal.
  5482 | D:6      | Noticed Pikel
  5483 | D:6      | Found a sand-covered staircase.
  5492 | D:6      | Killed Pikel
  5493 | D:6      | Reached XP level 8. HP: 39/63 MP: 9/16
  5522 | Ossuary  | Entered an ossuary
  6162 | D:6      | Found a shadowy altar of Dithmenos.
  6211 | D:6      | Found an iron altar of Okawaru.
  6221 | D:6      | Became a worshipper of Warmaster Okawaru
  6266 | D:6      | Noticed Blork the orc
  6282 | D:6      | Killed Blork the orc
  6698 | D:6      | Noticed Prince Ribbit
  6740 | D:6      | Killed Prince Ribbit
  6987 | D:6      | Found a staircase to the Ecumenical Temple.
  7067 | D:7      | Reached * piety under Okawaru
  7139 | D:7      | Found the +5 scythe "Finisher" {speed, eviscerate}
  7199 | D:7      | Reached XP level 9. HP: 59/69 MP: 6/18
  8068 | D:7      | Found a shimmering altar of Xom.
  8085 | D:7      | Reached skill level 5 in Throwing
  8085 | D:7      | Reached skill level 5 in Armour
  8271 | D:8      | Noticed a two-headed ogre
  8282 | D:8      | Killed a two-headed ogre
  8282 | D:8      | Reached ** piety under Okawaru
  8283 | D:8      | Reached skill level 5 in Invocations
  8425 | D:8      | Learned a level 3 spell: Mephitic Cloud
  8469 | D:8      | Noticed Maggie
  8489 | D:8      | Mangled by Maggie

Illustrated notes

Levels and vault maps discovered:
D:1:      amcnicky_arrival_gap_in_the_tavern_cellar, layout_loops_corners,
          hangedman_decor_growths, minmay_pentomino_r2
D:2:      layout_rooms, kennysheep_generic_room_4
D:3:      layout_basic, old_standard_altar
D:4:      layout_cave_pools, nicolae_ru_the_path_less_chosen, serial_bayou,
          serial_bayou_pond_a, serial_bayou_lagoon_a, serial_bayou_pond_a,
          serial_bayou_shore_a, serial_bayou_pond_a, kennysheep_small_circle
D:5:      layout_basic, old_standard_altar, nicolae_overflow_crystal_walls,
          palyth_stone_intersect, kennysheep_generic_room_14
D:6:      layout_gridville, okawaru_gym_becter, nicolae_dithmenos_shadow_blocks,
          minmay_temple_entry_drinking_statues, enter_ossuary_1,
          uniq_prince_ribbit1, uniq_blork_the_orc, uniq_pikel
D:7:      layout_gridville, basic_altar, minmay_guarded_unrand_finisher
D:8:      minmay_opposing_rooms, layout_basic, special_room [special_room_orc],
          gammafunk_ghost_split, serial_shops, nicolae_shop_stone, shop_statue,
          shop, shop, uniq_maggie

Skill      XL: |  1  2  3  4  5  6  7  8  9 |
---------------+----------------------------+-----
Spellcasting   | 5 6 |  6.9
Invocations    | 1 2 3 4 5 |  5.1
Short Blades   | 1 2 3 4 |  4.6
Long Blades    | 1 2 3 4 |  4.6
Maces & Flails | 1 2 3 4 |  4.6
Polearms       | 1 2 3 4 |  4.6
Staves         | 1 2 3 4 |  4.6
Slings         | 1 2 3 4 |  4.6
Bows           | 1 2 3 4 |  4.6
Crossbows      | 1 2 3 4 |  4.6
Stealth        | 1 2 3 4 |  4.6
Shields        | 1 2 3 4 |  4.6
Unarmed Combat | 1 2 3 4 |  4.6
Evocations     | 1 2 3 4 |  4.6
Conjurations   | 1 2 3 |  3.8
Hexes          | 1 2 3 |  3.8
Summonings     | 1 2 3 |  3.8
Necromancy     | 1 2 3 |  3.8
Transmutations | 1 2 3 |  3.8
Fire Magic     | 1 2 3 |  3.8
Ice Magic      | 1 2 3 |  3.8
Air Magic      | 1 2 3 |  3.8
Earth Magic    | 1 2 3 |  3.8
Poison Magic   | 1 2 3 |  3.8
Throwing       | 3 4 5 |  5.3
Armour         | 3 4 5 |  5.3
Fighting       | 5 6 |  6.6
Axes           | 5 6 |  6.6
Dodging        | 5 6 |  6.6
Translocations | 6 |  6.7

Action                   |  1- 3 |  4- 6 |  7- 9 || total
-------------------------+-------+-------+-------++-------
Melee: Short sword       |    93 |   187 |    90 ||   370
       Bite              |    10 |    22 |    46 ||    78
       Hand axe          |     2 |       |       ||     2
       Punch             |       |     3 |     4 ||     7
       Dagger            |       |     6 |     9 ||    15
       Whip              |       |       |   144 ||   144
       War axe           |       |       |    56 ||    56
       Scythe            |       |       |    12 ||    12
Throw: Boomerang         |       |    15 |    17 ||    32
       Dart              |       |       |     5 ||     5
 Cast: Gell's Gravitas   |       |    13 |    23 ||    36
       Call Imp          |       |       |    16 ||    16
  Use: Potion            |     1 |     3 |     3 ||     7
       Scroll            |     1 |     8 |     7 ||    16
 Stab: Sleeping          |     2 |     1 |     1 ||     4
Armor: Leather armour    |    14 |     2 |       ||    16
       Ring mail         |       |    49 |    79 ||   128
Dodge: Dodged            |    78 |   117 |   164 ||   359
Block: Other             |       |    19 |    59 ||    78
